 Dungeon Crawl Stone Soup version 0.20.1-1-g8b1a95d (webtiles) character file.

23 Sandy the Bolt Thrower (level 2, -1/23 (24) HPs)
             Began as a Ghoul Hunter on Aug 29, 2017.
             Slain by an iguana (8 damage)
             ... on level 1 of the Dungeon.
             The game lasted 00:04:02 (1600 turns).

Sandy the Bolt Thrower (Ghoul Hunter)               Turns: 1600, Time: 00:04:04

HP:   -1/23 (24)    AC:  3    Str: 15    XL:     2   Next: 95%
MP:   1/1           EV: 11    Int:  6    God:
Gold: 17            SH:  0    Dex:  9    Spells: 1/1 levels left

rFire    . . .     SeeInvis .   a - +1 hand crossbow
rCold    + . .     Gourm    .   (no shield)
rNeg     + + +     Faith    .   b - +0 leather armour
rPois    ∞         Spirit   .   (no helmet)
rElec    .         Reflect  .   (no cloak)
rCorr    .         Harm     .   (no gloves)
MR       .....                  (no boots)
Stlth    +.........             h - amulet of magic regeneration
Regen    0.0/turn               (no ring)
MPRegen  0.1/turn               (no ring)

@: rotting
A: rotting body, claws 1, carnivore 3, cold resistance 1, negative energy
resistance 3, inhibited regeneration, torment resistance, unbreathing
a: no special abilities


You were on level 1 of the Dungeon.
You were not hungry.

You visited 1 branch of the dungeon, and saw 2 of its levels.

You collected 17 gold pieces.

Inventory:

Hand Weapons
 a - a +1 hand crossbow (weapon)
 c - a +0 short sword
 i - a +0 mace of protection
Missiles
 d - 28 bolts (quivered)
 e - 25 stones
Armour
 b - a +0 leather armour (worn)
Jewellery
 h - an amulet of magic regeneration (around neck)
Scrolls
 j - a scroll of random uselessness {unknown}
Comestibles
 f - a meat ration
 g - a royal jelly


   Skills:
 - Level 2.1 Fighting
 + Level 4.4 Crossbows
 - Level 1.7 Dodging
 - Level 1.1 Stealth


You had one spell level left.
You didn't know any spells.

Dungeon Overview and Level Annotations

Branches:
Dungeon (2/15)

Altars:


Innate Abilities, Weirdness & Mutations

Your body is rotting away.
You thrive on raw meat.
You are immune to poison.
You have sharp fingernails.
You are carnivorous and can eat meat at any time.
Your flesh is cold resistant. (rC+)
You are immune to negative energy. (rN+++)
You do not regenerate when monsters are visible.
You are immune to unholy pain and torment.
You can survive without breathing.


Message History

You shoot a bolt. The bolt barely misses the iguana.
The iguana bites you but does no damage.
The iguana bites you!
Firing (i - inventory. (,) - cycle):
d - 31 bolts (quivered)
Press: ? - help, Shift-Dir - straight line, f/p - iguana
Aim: an iguana (lightly wounded)
You shoot a bolt. The bolt hits the iguana!
The iguana is severely wounded.
The iguana barely misses you.
Firing (i - inventory. (,) - cycle):
d - 30 bolts (quivered)
Press: ? - help, Shift-Dir - straight line, f/p - iguana
Aim: an iguana (severely wounded)
You shoot a bolt. The bolt hits the iguana.
The iguana is almost dead.
The iguana bites you.
Firing (i - inventory. (,) - cycle):
d - 29 bolts (quivered)
Press: ? - help, Shift-Dir - straight line, f/p - iguana
Aim: an iguana (almost dead)
You shoot a bolt. The bolt closely misses the iguana.
The iguana bites you!
You die...

############ #.......>..#
####
###..........###########...
#..........................
#>.........................
###.......@..## ####...###
#........l.## ##..#..##
#...........#####..#.#..#
###.#######.......#...#..
#.##### #.(#####.....##
#.....# #...#..........
#########.....#
#...(#........(
#.............#
###..#....<....
#.#######.....#
#..#..........


You could see an iguana.

Vanquished Creatures
  3 dart slugs (D:1)
  A leopard gecko (D:1)
  A ball python (D:1)
  A goblin (D:1)
  5 kobolds (D:1)
  A bat (D:1)
  2 frilled lizards (D:1)
  2 rats (D:1)
16 creatures vanquished.

Notes
Turn   | Place    | Note
-------+----------+-------------------------------------------
     0 | D:1      | Sandy the Ghoul Hunter began the quest for the Orb.
     0 | D:1      | Reached XP level 1. HP: 17/17 MP: 0/0
   448 | D:1      | Reached skill level 4 in Crossbows
   448 | D:1      | Reached XP level 2. HP: 24/24 MP: 1/1
  1600 | D:1      | Slain by an iguana

Skill      XL: |  1 |
---------------+----+-----
Crossbows      | 4 |  4.4
Fighting       | |  2.1
Dodging        | |  1.7
Stealth        | |  1.1

Action                   || total
-------------------------++-------
Melee: Unarmed           ||    84
 Fire: Hand crossbow     ||    17
Throw: Stone             ||    16
  Eat: Chunk             ||     2
Armor: Leather armour    ||    28
Dodge: Dodged            ||    35
